 Dungeon Crawl Stone Soup version 0.26-a0-854-gdc81c2f471 (webtiles) character file.

Game seed: 16210583950984224638

358 Essalna the Firebug (level 6, -11/36 HPs)
             Began as a Tengu Fire Elementalist on Nov 22, 2020.
             Was a Follower of Vehumet.
             Killed by divine providence
             ... invoked by an orc priest
              (17 damage)
             ... on level 5 of the Dungeon.
             The game lasted 00:10:16 (4850 turns).

Essalna the Firebug (Tengu Fire Elementalist)       Turns: 4850, Time: 00:10:16

Health: -11/36     AC: 11    Str:  9    XL:     6   Next: 64%
Magic:  0/11       EV: 15    Int: 23    God:    Vehumet [*.....]
Gold:   242        SH:  0    Dex: 14    Spells: 6/11 levels left

rFire    . . .     SeeInvis .   d - +1 short sword (venom)
rCold    . . .     Faith    .   (no shield)
rNeg     . . .     Spirit   .   p - +4 ring mail
rPois    .         Reflect  .   (helmet restricted)
rElec    .         Harm     .   s - +0 cloak
rCorr    .         Rampage  .   i - +0 pair of gloves
MR       .....                  (boots unavailable)
Stlth    +.........             (no amulet)
HPRegen  0.12/turn              e - +4 ring of evasion
MPRegen  0.12/turn              h - +6 ring of intelligence

@: very slightly contaminated
A: beak, talons 3, able to fly
a: Fly, Renounce Religion


You were on level 5 of the Dungeon.
You worshipped Vehumet.
Vehumet was aware of your devotion.
You visited 1 branch of the dungeon, and saw 5 of its levels.

You collected 242 gold pieces.

Inventory:

Hand Weapons
 d - a +1 short sword of venom (weapon)
Armour
 a - a +0 robe
 f - a +0 pair of gloves
 i - a +0 pair of gloves (worn)
 o - a +0 ring mail
 p - a +4 ring mail (worn)
 s - a +0 cloak (worn)
Jewellery
 e - a +4 ring of evasion (left hand)
 h - a +6 ring of intelligence (right hand)
Wands
 w - a wand of flame (19)
Scrolls
 j - 6 scrolls of identify
 k - 2 scrolls of fear {unknown}
 l - a scroll of noise {unknown}
 m - a scroll of amnesia {unknown}
 n - a scroll of teleportation
 q - a scroll of magic mapping {unknown}
 r - a scroll of blinking {unknown}
 u - a scroll of remove curse
 v - a scroll of enchant weapon {unknown}
Potions
 b - 2 potions of curing
 c - a potion of flight {unknown}
 g - a potion of invisibility {unknown}
 t - a potion of attraction {unknown}


   Skills:
 + Level 2.3 Fighting
 + Level 2.8 Armour
 + Level 3.5 Dodging
 - Level 2.0 Stealth
 + Level 3.0 Spellcasting
 + Level 3.6 Conjurations
 + Level 4.4 Fire Magic


You had 6 spell levels left.
You knew the following spells:

 Your Spells              Type           Power        Failure   Level
a - Foxfire               Conj/Fire      ###.         6%          1
b - Sticky Flame          Conj/Fire      ###.....     52%         4

Your spell library contained the following spells:

 Spells                   Type           Power        Failure   Level
 Sandblast                Erth           #.....       30%         1
 Conjure Flame            Conj/Fire      ###.....     19%         3
 Inner Flame              Hex/Fire       ##......     36%         3
 Fireball                 Conj/Fire      ###.......   86%         5


Dungeon Overview and Level Annotations

Branches:
Dungeon (5/15)
 Temple: D:4-7

Altars:
Ashenzari
Kikubaaqudgha
Qazlal
Sif Muna
Trog
Vehumet
Xom
Zin


Innate Abilities, Weirdness & Mutations

You have a beak for a mouth.
You have claws for feet.
You can fly continuously.


Message History

Confirm with . or Enter, or press ? or * to list all spells.
You conjure some foxfire!
The foxfire hits the orc wizard.
The orc wizard is severely wounded.
The foxfire hits the orc wizard.
You kill the orc wizard!
Vehumet accepts your kill. The orc priest barely misses you.
Casting: Foxfire (safe; 6% risk of failure)
Confirm with . or Enter, or press ? or * to list all spells.
You miscast Foxfire.
Nothing appears to happen.
The foxfire hits the orc priest.
The orc priest is moderately wounded.
The orc priest hits you with a +0 short sword.
* * * LOW HITPOINT WARNING * * *
Casting: Foxfire (safe; 6% risk of failure)
Confirm with . or Enter, or press ? or * to list all spells.
You conjure some foxfire!
The orc priest calls down the wrath of Beogh upon you.
Beogh smites you!
You die...

.............##
#.##.#......#..##.
#..#.#......#.....
..##...........)#. ##
#.#.............##
##.##.#......###...##
..#............#
#..##
......o)v......# ##.#
##@ยง.....## ###
###vv.#...####
#.....##..#..####
#......##......8.
#................
###..###..#....8.
#.......#####...
##..............
##.#...#####....


You could see an orc priest.

Vanquished Creatures
  2 orc wizards (D:5)
  4 worker ants
  A hound skeleton (D:4)
  4 gnolls (D:3)
  5 adders
  5 worms
  6 dart slugs
  2 leopard geckos
  5 orcs
  5 giant cockroaches
  7 hobgoblins
  7 jackals (D:4)
  6 kobolds
  A quokka (D:4)
  A ball python (D:2)
  7 bats
  2 frilled lizards
  11 goblins
  A quokka skeleton (D:4)
  3 rats
85 creatures vanquished.

Vanquished Creatures (others)
  159 foxfires
159 creatures vanquished.

Grand Total: 244 creatures vanquished

Notes
Turn   | Place    | Note
-------+----------+-------------------------------------------
     0 | D:1      | Essalna the Tengu Fire Elementalist began the quest for the
                  | Orb.
     0 | D:1      | Reached XP level 1. HP: 10/10 MP: 4/4
   153 | D:1      | Reached XP level 2. HP: 15/15 MP: 3/6
   743 | D:1      | Reached skill level 1 in Armour
   876 | D:1      | Reached XP level 3. HP: 15/20 MP: 7/7
  1509 | D:2      | Found an ancient bone altar of Kikubaaqudgha.
  1511 | D:2      | Found a glowing silver altar of Zin.
  1512 | D:2      | Found a radiant altar of Vehumet.
  1512 | D:2      | Found a shimmering blue altar of Sif Muna.
  1514 | D:2      | Found a shimmering altar of Xom.
  1518 | D:2      | Became a worshipper of Vehumet
  1521 | D:2      | Found a broken altar of Ashenzari.
  1548 | D:2      | Found a bloodstained altar of Trog.
  1915 | D:2      | Reached skill level 1 in Fighting
  1915 | D:2      | Reached XP level 4. HP: 25/25 MP: 5/8
  2962 | D:3      | Gained mutation: You can fly continuously. [Tengu growth]
  2962 | D:3      | Reached XP level 5. HP: 29/29 MP: 7/9
  3065 | D:3      | Reached * piety under Vehumet
  3065 | D:3      | Offered knowledge of Sandblast by Vehumet.
  3066 | D:3      | Reached skill level 4 in Fire Magic
  3343 | D:3      | Found a faded altar of an unknown god.
  3932 | D:4      | Reached XP level 6. HP: 27/35 MP: 7/11
  3937 | D:4      | Learned a level 4 spell: Sticky Flame
  4626 | D:5      | Entered Level 5 of the Dungeon
  4627 | D:5      | Found a stormy altar of Qazlal.
  4850 | D:5      | Killed from afar by an orc priest

Illustrated notes

Levels and vault maps discovered:
D:1:      dpeg_chamrin_arrival_tetris, layout_loops_ring,
          wander_ebering_terrifying_dragon_lair
D:2:      layout_basic, minitemple, trog_book
D:3:      layout_basic, serial_aquarium, aquarium_bridge_island_small
          [aquarium_subvault_small_open, aquarium_subvault_bridge,
          aquarium_subvault_window, aquarium_subvault_bridge,
          aquarium_subvault_bridge], aquarium_window_fake, aquarium_window_2,
          aquarium_view_2c, aquarium_view_2c, aquarium_balcony_3b,
          chequers_ecumenical_altar_twisty, bh_walls_and_bars
D:4:      layout_loops_ring, lightli_corner_chamber
D:5:      layout_cave_pools, grunt_qazlal_sundering,
          minmay_temple_entry_proselytizer, serial_column_ruins,
          column_ruins_grid_1, column_ruins_columns_T, column_ruins_open_small,
          column_ruins_open_small, column_ruins_grid_2,
          column_ruins_corridor_corner, column_ruins_grid_4

Skill      XL: |  1  2  3  4  5  6 |
---------------+-------------------+-----
Armour         | 1 2 |  2.8
Conjurations   | 2 3 |  3.6
Fighting       | 1 2 |  2.3
Dodging        | 3 |  3.5
Fire Magic     | 4 |  4.4
Spellcasting   | 3 |  3.0
Stealth        | |  2.0

Action                   |  1- 3 |  4- 6 || total
-------------------------+-------+-------++-------
Melee: Unarmed           |     1 |       ||     1
       Short sword       |    25 |   105 ||   130
       Peck              |     3 |    16 ||    19
       Kick              |     2 |    22 ||    24
 Cast: Foxfire           |    41 |    64 ||   105
  Use: Scroll            |     3 |     1 ||     4
       Potion            |     2 |       ||     2
 Stab: Sleeping          |     2 |       ||     2
Armor: Robe              |     4 |     2 ||     6
       Ring mail         |       |    20 ||    20
Dodge: Dodged            |    18 |    86 ||   104

Table legend: (Time is in decaauts)
 A = Elapsed time spent in this place.
 B = Non-inter-level travel time spent in this place.
 C = Inter-level travel time spent in this place.
 D = Time resting spent in this place.
 E = Time spent auto-exploring this place.
 F = Levels seen in this place.
 G = Mean time per level.
                   A        B        C        D        E       F      G
               +--------+--------+--------+--------+--------+-----+--------+
         Total |   4859 |   4714 |    145 |      0 |   4122 |   5 |  971.8 |
       Dungeon |   4859 |   4714 |    145 |      0 |   4122 |   5 |  971.8 |
               +--------+--------+--------+--------+--------+-----+--------+

Top non-repeatable levels by time:
     D:1: 1341 daAuts
     D:2: 1274 daAuts
     D:3: 1204 daAuts
     D:4: 815 daAuts
     D:5: 223 daAuts
